Cogmind - Beta 11.1 @@@ ROGUE MODE // 2022.06.04 @ 00:48:17 Player: CandybagCJ Result: Destroyed by as-73243 with Assembled Blade Performance ------------- Evolutions (0) 0 Regions Visited (2) 400 Robots Destroyed (12) 60 Value Destroyed (160) 160 Prototype IDs (0) 0 Alien Tech Used (0) 0 Bonus (0) 0 TOTAL SCORE: 620 Bonus ------- None Cogmind --------- Core Integrity 0/250 Matter 280/300 Energy 99/100 System Corruption 11% Temperature Cool (0) Movement Core (200) Ox3 Location -10/Mines Parts ------- > --- POWER (1) -------- (None) > --- PROPULSION (2) --- (None) > --- UTILITY (2) ------ Medium Storage Unit > --- WEAPON (2) ------- (None) > --- INVENTORY (10) --- Improved Aluminum Leg Improved Aluminum Leg Medium Matter Pod (0) Improved Terrain Scanner Peak State ------------ > --- POWER ------------ Light Ion Engine > --- PROPULSION ------- Improved Aluminum Leg Improved Aluminum Leg > --- UTILITY ---------- Improved Terrain Scanner Seismic Detector > --- WEAPON ----------- Assault Rifle Assault Rifle > --- INVENTORY -------- Improved Aluminum Leg Improved Aluminum Leg Wheel Wheel [Rating: 11] Favorites ----------- Power Light Ion Engine Engine Light Ion Engine Propulsion Improved Aluminum Leg Leg Improved Aluminum Leg Wheel Wheel Utility Medium Storage Unit Device Seismic Detector Storage Medium Storage Unit Weapon Assault Rifle Ballistic Gun Assault Rifle Build | -11 -10 -10 ------- Run | Scr Mat Min Slots Evolved . | . . . Power . | . . . Propulsion . | . . . Utility . | . . . Weapon . | . . . Parts Attached 12 | 8 4 . Power 3 | 2 1 . Engine 3 | 2 1 . Core . | . . . Reactor . | . . . Propulsion 4 | 2 2 . Treads . | . . . Leg 2 | . 2 . Wheel 2 | 2 . . Hover . | . . . Flight . | . . . Utility 3 | 2 1 . Device 2 | 2 . . Storage 1 | . 1 . Processor . | . . . Hackware . | . . . Protection . | . . . Artifact . | . . . Weapon 2 | 2 . . Energy Gun . | . . . Energy Cannon . | . . . Ballistic Gun 2 | 2 . . Ballistic Cannon . | . . . Launcher . | . . . Special Weapon . | . . . Impact Weapon . | . . . Slashing Weapon . | . . . Piercing Weapon . | . . . Special Melee Weapon . | . . . Unidentified Prototypes . | . . . Parts Lost 7 | . 1 6 Power 2 | . 1 1 Propulsion 2 | . . 2 Utility 1 | . . 1 Weapon 2 | . . 2 Highest Loss Streak 6 | . 1 6 To Critical Strikes . | . . . Average Slot Usage (%) 94 | . 96 91 Engine 12 | . 11 13 Leg 26 | . 27 25 Device 13 | . 14 11 Storage 13 | . 13 14 Ballistic Gun 26 | . 28 24 Naked Turns . | . . . Heaviest Build 18 | 9 18 18 Greatest Support 26 | 20 26 26 Greatest Overweight (x) 4 | . . 4 Average Overweight (x) . | . . . Largest Inventory Capacity 10 | 5 10 10 Average Capacity 9 | 5 9 10 Most Carried 5 | 2 5 4 Average Carried 3 | . 3 4 Final Capacity 10 | 5 10 10 Final Carried 4 | . 4 4 Class Distribution -------------------- 100% | Mutant Dominant Class ---------------- Mutant | -10/Materials Mutant | -10/Mines Resources | -11 -10 -10 ----------- Run | Scr Mat Min Matter Collected 461 | 268 193 . Remotely . | . . . Salvage Created 269 | 137 132 . Parts 25 | 14 11 . Haulers Intercepted . | . . . Recyclers Shooed . | . . . Parts Field Recycled . | . . . Retrieved Matter . | . . . Parts Self-Destructed . | . . . Prevented . | . . . Kills | -11 -10 -10 ------- Run | Scr Mat Min Combat Hostiles Destroyed 7 | 1 6 . Guns 7 | 1 6 . Classes Destroyed 4 | 3 1 . Worker 1 | 1 . . Tunneler 4 | 4 . . Swarmer 5 | . 5 . Grunt 2 | 1 1 . Best Kill Streak 5 | 5 3 . Combat Bots Only 3 | 1 3 . Max Kills in Single Turn 1 | 1 1 . Gunslinging . | . . . Exploded . | . . . Melee . | . . . Uniques/NPCs Destroyed . | . . . Combat | -11 -10 -10 -------- Run | Scr Mat Min Damage Taken 916 | 12 423 481 Core 272 | . 124 148 Absorbed by Shields . | . . . Core Remaining (%) 100 | 100 . . Volleys Fired 34 | 8 24 2 Largest 2 | 2 2 2 Hottest 40 | 40 40 40 Shots Fired 68 | 16 48 4 Gun 68 | 16 48 4 Cannon . | . . . Launcher . | . . . Special . | . . . Kinetic 68 | 16 48 4 Thermal . | . . . Explosive . | . . . Electromagnetic . | . . . Robot Hit Streak 10 | 8 10 5 Robot Miss Streak 3 | 3 2 . Penetration Max . | . . . Secondary Targets 2 | . 2 . Max Gunslinging Chain 1 | . 1 . Shots Hit Robots 41 | 9 28 4 Core Hits 18 | 6 10 2 Critical Kills . | . . . Critical Parts Destroyed . | . . . Critical Strikes . | . . . Melee Attacks . | . . . Impact . | . . . Slashing . | . . . Piercing . | . . . Sneak Attacks . | . . . Combat Hostiles . | . . . Follow-up Attacks . | . . . Damage Inflicted 533 | 111 373 49 Guns 520 | 111 360 49 Cannons . | . . . Explosions . | . . . Melee . | . . . Ramming 13 | . 13 . Kinetic 520 | 111 360 49 Thermal . | . . . Explosive . | . . . Electromagnetic . | . . . Impact . | . . . Slashing . | . . . Piercing . | . . . Highest Corruption 11 | . . 11 Average Corruption 8 | . . 8 Corruption Purged . | . . . Corruption Blocked . | . . . Effects 1 | . . 1 Message Errors 1 | . . 1 Overload Shots . | . . . Overflow Damage . | . . . Projectiles . | . . . Explosions . | . . . Melee . | . . . Knockbacks . | . . . Impact . | . . . Kinetic . | . . . Secondary . | . . . Self-Inflicted Damage . | . . . Shots . | . . . Rammed . | . . . Targets Rammed 3 | . 3 . Kicked 3 | . 3 . Crushed . | . . . Highest Temperature 33 | . 27 33 Average Temperature 9 | . 9 10 Received Heat Transfer 346 | 6 180 160 Siege Activations . | . . . Robots Corrupted . | . . . Combat Hostiles . | . . . Parts Fried . | . . . Impact Corruptions . | . . . Robots Melted . | . . . Combat Hostiles . | . . . Parts Melted . | . . . Heat Transferred . | . . . Parts Sabotaged . | . . . Parts Stolen . | . . . Parts Stripped . | . . . Power Chain Reactions . | . . . Missiles Intercepted . | . . . Alert | -11 -10 -10 ------- Run | Scr Mat Min Peak Influence 172 | 45 172 66 Initial 66 | . 29 66 Average 66 | 13 87 60 Maximum Alert Level . | . . . Low Security (%) 100 | 100 100 100 Level 1 . | . . . Level 2 . | . . . Level 3 . | . . . Level 4 . | . . . Level 5 . | . . . High Security . | . . . Max Security . | . . . Squads Dispatched 2 | . 2 . Investigation 1 | . 1 . Extermination . | . . . Reinforcement 1 | . 1 . Assault . | . . . Garrison . | . . . Intercept . | . . . Searches Triggered . | . . . Construction Impeded . | . . . Haulers Reinforced . | . . . Active Scanning Responses . | . . . Cargo Convoy Interrupts . | . . . Stealth | -11 -10 -10 --------- Run | Scr Mat Min Distress Signals . | . . . Communications Jammed . | . . . Distress Signals . | . . . Times Spotted 25 | 1 12 12 Peak Tracking Total 15 | 1 4 15 Tactical Retreats 2 | . . 2 Traps | -11 -10 -10 ------- Run | Scr Mat Min Traps Triggered 1 | . 1 . Indirectly . | . . . Trap Hack Attempts . | . . . Triggered . | . . . Disarmed . | . . . Reprogrammed . | . . . Reused . | . . . Traps Extracted . | . . . Installed . | . . . Triggered . | . . . Machines | -11 -10 -10 ---------- Run | Scr Mat Min Machines Disabled . | . . . Max in Single Turn . | . . . Machines Sabotaged . | . . . Garrisons Compromised . | . . . Overloaded Fab Kills . | . . . Hacking | -11 -10 -10 --------- Run | Scr Mat Min Machines Accessed 1 | . 1 . Terminals 1 | . 1 . Fabricators . | . . . Repair Stations . | . . . Recycling Units . | . . . Scanalyzers . | . . . Garrison Access . | . . . Total Hacks 3 | . 3 . Successful 1 | . 1 . Failed 2 | . 2 . Catastrophic . | . . . Database Lockouts . | . . . Manual . | . . . Terminals 3 | . 3 . Fabricators . | . . . Repair Stations . | . . . Recycling Units . | . . . Scanalyzers . | . . . Garrison Access . | . . . Terminal Hacks 1 | . 1 . Record 1 | . 1 . Fabricator Hacks . | . . . Repair Station Hacks . | . . . Recycling Unit Hacks . | . . . Scanalyzer . | . . . Garrison Access Hacks . | . . . Unauthorized Hacks . | . . . Terminals . | . . . Fabricators . | . . . Repair Stations . | . . . Recycling Units . | . . . Scanalyzers . | . . . Garrison Access . | . . . Data Cores Recovered . | . . . Used . | . . . Hacking Detections 1 | . 1 . Full Trace Events . | . . . Feedback Events . | . . . Feedback Blocked . | . . . Robot Schematics Acquired . | . . . Robots Built . | . . . Authchips . | . . . Time . | . . . Total Robot Build Rating . | . . . Part Schematics Acquired . | . . . Parts Built . | . . . Authchips . | . . . Time . | . . . Total Part Build Rating . | . . . Parts Repaired . | . . . Time . | . . . Parts Recycled . | . . . Recycled Matter . | . . . Retrieved Matter . | . . . Retrieved Components . | . . . Parts Scanalyzed . | . . . Part Schematics Acquired . | . . . Parts Damaged . | . . . Bothacking | -11 -10 -10 ------------ Run | Scr Mat Min Used RIF Installer . | . . . Robots Hacked . | . . . Non-combat . | . . . Combat . | . . . Robot Hacks Applied . | . . . Relay Couplers Released . | . . . Fabnet Peak Effective % . | . . . Robots Rewired . | . . . Allies Hacked . | . . . Hacks Repelled . | . . . Allies | -11 -10 -10 -------- Run | Scr Mat Min Total Allies . | . . . Largest Group . | . . . Highest-Rated Group . | . . . Highest-Rated Ally . | . . . Total Orders . | . . . Ally Attacks . | . . . Total Damage . | . . . Kills . | . . . Allies Corrupted . | . . . Allies Melted . | . . . Intel | -11 -10 -10 ------- Run | Scr Mat Min Robot Analysis Total . | . . . Derelict Logs Recovered . | . . . Drone Launches . | . . . Drone Recoveries . | . . . Exploration | -11 -10 -10 ------------- Run | Scr Mat Min Turns Passed 699 | 102 328 269 Spaces Moved 500 | 82 202 216 Core 22 | 18 . 4 Treads . | . . . Legs 407 | . 195 212 Wheels 71 | 64 7 . Hover . | . . . Flight . | . . . Fastest Speed 50 | 50 80 120 Average Speed 112 | 73 118 122 Slowest Speed 250 | 80 120 250 Overloaded Moves . | . . . Propulsion Burnouts . | . . . Robots Hopped . | . . . Cave-ins Triggered . | . . . Exploration Rate (%) 31 | 5 34 54 Regions Visited 2 Branch Regions 1 Pre-discovered Areas . | . . . Known Exits Taken . | . . . Unknown Exits Taken 2 | 1 1 . Scrap Searched . | . . . Spaces Dug . | . . . Terrain Destroyed . | . . . Melee . | . . . Projectile . | . . . AOE . | . . . Terrain Rammed . | . . . Walls Destroyed . | . . . Machines Disabled . | . . . Actions | -11 -10 -10 --------- Run | Scr Mat Min Total 568 | 108 242 218 Wait . | . . . Move 498 | 81 201 216 Hop . | . . . Pick Up 16 | 9 7 . Fast Attach . | . . . Attach 9 | 7 2 . Detach 1 | . 1 . Swap 3 | 1 2 . Drop 4 | 2 2 . Fire 34 | 8 24 2 Melee . | . . . Ram . | . . . Kick 3 | . 3 . Crush . | . . . Escape Stasis . | . . . Rewire . | . . . Trap . | . . . Miscellaneous . | . . . Route ------- -11/Scrapyard -10/Materials -10/Mines History --------- Turn | Location | Event 2 | -11/Scrapyard | Met Revision 17 62 | -11/Scrapyard | Discovered new exit (range 8) 103 | -11/Scrapyard | Entered Materials 274 | -10/Materials | Discovered new exit (range 11) 300 | -10/Materials | Build established: Mutant 431 | -10/Materials | Entered Mines 641 | -10/Mines | Assembled infested the area 673 | -10/Mines | Core integrity fell below 50% 675 | -10/Mines | System corruption reached 10% 686 | -10/Mines | Core integrity fell below 20% 700 | -10/Mines | Destroyed by as-73243 with Assembled Blade Last Messages --------------- ALERT: Alarm triggered, dispatching investigation squad. LOCATION=UNKNOWN GOAL=ESCAPE K-01 Serf collects debris. ALERT: Infestation in the mines, dispatching Demolisher response squad. R-06 Scavenger destroyed. Seismic Detector destroyed. System corrupted by crushing effect (+5). Knocked back. Assault Rifle destroyed. System corrupted by crushing effect (+3). Imp. Aluminum Leg destroyed. Assault Rifle destroyed. System corrupted by crushing effect (+3). Knocked back. [Achievement: System Compromised] I &1UNNKBV|QPVPENMNVKJ9SZ Knocked back. Imp. Aluminum Leg destroyed. Lgt. Ion Engine destroyed. Map ----- +----------------------------------------------------+ | | | | | | | | | | | | | | | | | | | | | | | | | | | ?????????????????????????????????? | | ?????????????????????????????????? | | ?????????????????????????????????? | | ????############################?? | | ????# ##? | | ????# #? | | ????# ################### ## | | ????# #?????????????????## # | | ????# a###????????????????## # | | ????# ##??##????????????## # | | ????# a ## ##???????????## ## | | ????# aa #??????????## ##? | | ????#### @ #??????????# #?? | | ???????## """ #?????????# ### | | ????????# """ ??????# ## | | ????????# """ ?????## | | ????????# """ ? ????????## | | ????????## ????????????## | | ??????????# ??????????????## | | ??????????? #???????????????## | | ??????????? #????????????????# | | ??????????? #????????????????# | | ???????????? ##??????????????# | | ????????????##?????????????? | | ??????????????????????????" | | ??????????????????????????" | | ?????????????????????????"" | | ?????????????????????????"" | | ?????????????????????????? | | ????????????????????????? #### = | | ???????????????????????????#???##* | | ????????????????????????????????#% | | ????????????????????????????????#! | | ?????????????????????????????????? | | ?????????????????????????????????? | | ?????????????????????????????????? | | ?????????????????????????????????? | +----------------------------------------------------+ Best States ------------- Heat Dissipation 25 Energy Generation 10 Energy Capacity 125 Matter Stores 300 Matter Capacity 300 Sight Range 16 Terrain Scan Range 16 Terrain Scan Density 10 Evasion (%) 55 Item Schematics ----------------- None Robot Schematics ------------------ None Fabricated ------------ Nothing Alien Tech Used ----------------- None Achievements -------------- System Compromised Challenges ------------ None Game ------ Seed IonicExperimentalSuite Manual? 0 Play Time 00:10:16 Cumulative 2.3 hours Start 2022.06.04 @ 00:39:32 End 2022.06.04 @ 00:48:17 Sessions 1 Manual Loads 0 Difficulty Rogue Special Mode None Game No. 3 Rogue 1 Adventurer 2 Explorer 0 Win Type - Total 0 Types 0/0/0/0/0/0/0/0/0 Lore% 5 Gallery% 5 Achievement% 8 Wizard Run 0 Options --------- ASCII 0 Keyboard 0 Movement Mouse Keybinds 0 Fullscreen 2 Font 18/X11 Map View 76x50 Tactical HUD 0 Map Filters NONE Filters NONE Steam 1 RUN: b4c13dc1-aebf-4ebb-acb6-42cdc0a18c29